 Dungeon Crawl Stone Soup version 0.31.0-12-g77e489cdc1 (webtiles) character file.

Game seed: 12661908440725760302

90622 Destinykillz the Grappler (level 15, -8/149 HPs)
             Began as a Troll Fighter on Feb 17, 2024.
             Was a High Priest of the Shining One.
             Mangled by an orc warlord
             ... wielding a +4 great mace of holy wrath
              (27 damage)
             ... on level 1 of the Orcish Mines.
             The game lasted 00:58:38 (20282 turns).

Destinykillz the Grappler (Troll Fighter)          Turns: 20282, Time: 00:58:38

Health: -8/149     AC:  9    Str: 28    XL:     15   Next: 52%
Magic:  23/29      EV: 16    Int: 10    God:    the Shining One [*****.]
Gold:   725        SH: 22    Dex:  9    Spells: 12/14 levels left

rFire   + +          .
                       - Unarmed
rCold   . . .        b - +0 kite shield
rNeg    + + .        T - +2 robe {Will+}
rPois   .            (helmet restricted)
rElec   .            P - +2 cloak
rCorr   .            (gloves unavailable)
SInv    .            (boots unavailable)
Will    ++...        c
                       - Hermit's Pendant {Faith Invo=14 Evo=0 MP+5}
Stlth   +            e - ring of protection from fire
HPRegen 2.04/turn    E - +5 ring of evasion
MPRegen 0.21/turn

%: faith
@: divinely shielded, very slightly contaminated, glowing
A: large, unfitting armour, claws 3, regeneration 2, shaggy fur 1, tough skin 1,
fire resistance 1, sense surroundings 1
a: Renounce Religion, Divine Shield, Cleansing Flame, Summon Divine Warrior


You were on level 1 of the Orcish Mines.
You worshipped the Shining One.
The Shining One was extremely pleased with you.
You visited 4 branches of the dungeon, and saw 23 of its levels.
You also visited: Sewer and Volcano.

You collected 2063 gold pieces.
You spent 1338 gold pieces at shops.

Inventory:

Hand Weapons
 a - a +2 hand cannon of flaming
 H - a +2 demon trident of freezing
 Q - a +0 trident of freezing
Missiles
 d - 2 throwing nets
 j - 34 poisoned darts
 L - 9 curare-tipped darts (quivered)
 U - 18 large rocks
Armour
 b - a +0 kite shield (worn)
 K - the +2 robe of Feor {Regen+ Int+6}
   (You took it off a kobold on level 7 of the Dungeon)

   Int+6:     It affects your intelligence (+6).
   Regen+:    It increases your rate of health regeneration.
 M - a +0 tower shield
 P - a +2 cloak (worn)
 T - a +2 robe of willpower (worn)
Jewellery
 c - the Hermit's Pendant (around neck) {Faith Invo=14 Evo=0 MP+5}
   (You acquired it on level 5 of the Lair of Beasts)

   [amulet of faith]

   Invo=14: It sets your Invocations skill to 14.
   Evo=0: It sets your Evocations skill to 0.
   Faith:     It allows you to gain divine favour quickly.
   MP+5:      It affects your magic capacity (+5).
 e - a ring of protection from fire (left claw)
 o - a ring of magical power
 E - a +5 ring of evasion (right claw)
 S - a ring of resist corrosion
Wands
 i - a wand of digging (10)
 s - a wand of polymorph (19)
 t - a wand of flame (67)
 w - a wand of paralysis (19)
 x - a wand of light (7)
 A - a wand of mindburst (14)
 I - a wand of iceblast (10)
Scrolls
 f - 3 scrolls of teleportation
 h - 6 scrolls of fog
 k - 2 scrolls of identify
 q - 3 scrolls of fear
 u - 4 scrolls of enchant armour
 y - 2 scrolls of poison
 z - a scroll of torment {unknown}
 B - a scroll of blinking
 C - 6 scrolls of enchant weapon
 R - a scroll of brand weapon {unknown}
Potions
 g - 6 potions of enlightenment
 l - a potion of mutation
 m - 5 potions of haste {unknown}
 p - 2 potions of brilliance
 D - a potion of resistance
 F - 3 potions of ambrosia
 O - 4 potions of curing
 V - a potion of berserk rage
 X - 2 potions of heal wounds {unknown}
 Y - a potion of magic {unknown}
 Z - a potion of cancellation {unknown}
Miscellaneous
 G - a box of beasts


   Skills:
 + Level 9.7 Fighting
 * Level 4.7 Ranged Weapons
 + Level 9.6 Dodging
 * Level 10.8 Shields
 + Level 14.2 Unarmed Combat
 - Level 6.0 Translocations
 - Level 7.6(14.0) Invocations
 - Level 8.0 Shapeshifting


You had 12 spell levels left.
You knew the following spells:

 Your Spells              Type           Power      Damage    Failure   Level
a - Blink                 Tloc           24%        N/A       8%          2

Your spell library contained the following spells:

 Spells                   Type           Power      Damage    Failure   Level
 Apportation              Tloc           24%        N/A       4%          1
 Volatile Blastmotes      Fire/Tloc      12%        2d11      45%         3
 Magic Dart               Conj           0%         1d3       52%         1
 Necrotise                Necr           0%         1d4       52%         1
 Slow                     Hex            0%         N/A       52%         1
 Sting                    Conj/Alch      0%         1d3       52%         1
 Summon Small Mammal      Summ           0%         N/A       52%         1
 Call Imp                 Summ           0%         N/A       65%         2
 Jinxbite                 Hex            0%         N/A       65%         2
 Searing Ray              Conj           0%         2d4       65%         2
 Sublimation of Blood     Necr           0%         N/A       65%         2
 Iskenderun's Mystic Bla  Conj/Tloc      6%         2d4       86%         4
 Confusing Touch          Hex            0%         N/A       87%         3
 Dazzling Flash           Conj/Hex       0%         N/A       87%         3
 Mephitic Cloud           Conj/Alch/Air  0%         N/A       87%         3
 Sigil of Binding         Hex            0%         N/A       87%         3
 Vampiric Draining        Necr           0%         2d6       87%         3
 Fulminant Prism          Conj/Alch      0%         3d5       99%         4
 Alistair's Intoxication  Alch           0%         N/A       100%        5
 Curse of Agony           Necr           0%         N/A       100%        5
 Iskenderun's Battlesphe  Conj           0%         2d6       100%        5
 Silence                  Hex/Air        0%         N/A       100%        5
 Yara's Violent Unravell  Hex/Alch       0%         3d3       100%        5
 Enfeeble                 Hex            0%         N/A       100%        7
 Haunt                    Necr/Summ      0%         N/A       100%        7
 Summon Hydra             Summ           0%         N/A       100%        7


Dungeon Overview and Level Annotations

Branches:
Dungeon (15/15)            Temple (1/1) D:5            Lair (5/5) D:11
 Shoals (0/4) Lair:2        Snake (0/4) Lair:2        Slime (0/5) Lair:5
    Orc (2/2) D:12         Vaults (0/5) D:13         Depths (0/4) D:15
  Sewer (visited)         Volcano (visited)
    Elf: Orc:2

Altars:
Ashenzari
Cheibriados
Dithmenos
Elyvilon
Fedhas
Gozag
Hepliaklqana
Kikubaaqudgha
Makhleb
Nemelex Xobeh
Okawaru
Qazlal
Ru
Sif Muna
Trog
Uskayaw
Vehumet
Wu Jian
Xom
Yredelemnul
Zin
The Shining One
Jiyva

Shops:
D:8 [   D:10 *   D:13 *   Orc:1 *

Portals:
Trove: D:10 (show abyssal rune of Zot)

Annotations:
D:14 1 runed translucent door, hawla's ghost, journeyman MiFi
Lair:4 2 transporters


Innate Abilities, Weirdness & Mutations

You are too large for most types of armour.
You have claws for hands.
You heal very quickly.
You are covered in fur. (AC +1)
You have tough skin. (AC +1)
Your flesh is heat resistant. (rF+)
You passively map a small area around you.


Message History

You mangle the orc warlord!!
The orc warlord is moderately wounded.
The orc warlord hits you with a +4 great mace of holy wrath!!
* * * LOW HITPOINT WARNING * * *
Your shield is strengthened by the Shining One's divine power.
You block the orc warlord's attack.
You claw the orc warlord!
The orc warlord is moderately wounded.
The orc warlord hits you with a +4 great mace of holy wrath!
* * * LOW HITPOINT WARNING * * *
Okay, then.
Okay, then.
Casting: Blink (safe; 8% risk of failure)
Confirm with . or Enter, or press ? or * to list all spells.
You miscast Blink.
You are very lightly contaminated with residual magic.
Nothing appears to happen.
The orc warlord closely misses you.
Casting: Blink (safe; 8% risk of failure)
Confirm with . or Enter, or press ? or * to list all spells.
You blink.
You block the orc warlord's attack.
You claw the orc warlord!
The orc warlord is heavily wounded.
You block the orc warlord's attack.
You scratch the orc warlord but do no damage.
The orc warlord is heavily wounded.
You mangle the orc warlord!!
The orc warlord is severely wounded.
The orc warlord no longer looks unusually strong.
You block the orc warlord's attack.
You scratch the orc warlord but do no damage.
The orc warlord is severely wounded.
You block the orc warlord's attack.
You claw the orc warlord!
The orc warlord is severely wounded.
The orc warlord barely misses you.
You scratch the orc warlord.
The orc warlord is severely wounded.
You feel ready to blink again.
The orc warlord hits you with a +4 great mace of holy wrath!!
You die...

......#......^.................#
.....#..........#...#.........##
.......................#.##..##
..#..........#..........##...##
####..........#..........#....#
# ##.................#.......# #
##.....#..................##
#####.....................#....#
.#.#.........))[@.....#...###.##
......#.......>o...........####
...#...#.#...)[).#........##
.........)).......#.....###
...#.....#.#.#..........#
#.###.#.#########.#..#.## ###
##### ########


You could see an orc warlord.

Vanquished Creatures
  Louise (D:15)
  Nessos (Lair:4)
  Snorg (D:11)
  An ettin (Orc:1)
  A quicksilver dragon zombie (D:15)
  A vault guard (D:10)
  5 hydras
  An ice dragon (Lair:5)
  8 centaur warriors
  5 boulder beetles
  2 two-headed ogres
  A tengu warrior (D:11)
  A vampire mage (D:15)
  A hell knight (Volcano)
  2 skysharks (Lair:5)
  Nergalle (D:11)
  Sonja (D:13)
  A salamander mystic (Volcano)
  6 skeletal warriors
  2 lindwurms (Lair:5)
  2 orc knights
  A necromancer (D:15)
  10 ugly things
  3 deep elf pyromancers
  A wolf spider (Lair:5)
  Maurice (D:11)
  2 cyclopes
  5 salamanders
  A manticore (D:15)
  An orc sorcerer (D:13)
  A guardian serpent (Lair:5)
  8 black mambas
  9 elephants (Lair:4)
  6 meliai
  2 molten gargoyles (Volcano)
  5 torpor snails (Lair:5)
  9 cane toads
  A gargoyle (D:13)
  2 rime drakes
  2 kobold demonologists
  3 tengu conjurers
  10 komodo dragons
  3 merfolk (Lair:2)
  2 polar bears (Lair:2)
  7 trolls
  9 hornets
  3 tyrant leeches (Lair:5)
  Grinder (D:5)
  13 blink frogs
  A blink frog (shapeshifter) (D:15)
  8 dream sheep
  Sigmund (D:3)
  3 slime creatures
  3 shadows
  4 basilisks
  A wraith (D:11)
  72 yaks
  2 fire bats (Volcano)
  9 wyverns
  A warg (Orc:1)
  A steam dragon (Lair:2)
  3 redbacks (Lair:5)
  6 vampire mosquitoes
  2 nagas (Lair:2)
  3 acid dragons
  26 water moccasins
  15 orc warriors
  2 laughing skulls (D:15)
  6 black bears
  5 ogres (Orc:1)
  A sky beast (D:8)
  10 wolves
  18 centaurs
  A tengu (shapeshifter) (D:13)
  6 kobold brigands
  3 gnoll sergeants
  17 bullfrogs
  6 scorpions
  8 wights
  8 killer bees
  7 spriggan skeletons
  A troll skeleton (D:11)
  5 howler monkeys
  2 lava snakes (Volcano)
  An electric eel (Lair:2)
  4 bombardier beetles
  3 hounds
  8 orc priests
  6 jellies
  2 sleepcaps
  5 iguanas
  Ijyb (D:3)
  Terence (D:3)
  19 orc wizards
  A boggart simulacrum (D:15)
  19 adders
  3 river rats (D:4)
  19 gnolls
  3 white imps
  4 ufetubi
  11 dart slugs
  2 ribbon worms
  42 orcs
  18 ball pythons
  18 endoplasms
  11 giant cockroaches
  8 hobgoblins
  2 jackals (D:2)
  36 kobolds
  5 quokkas
  8 bats
  10 frilled lizards
  3 goblins
  6 rats
712 creatures vanquished.

Vanquished Creatures (others)
  An orc wizard (D:3)
1 creature vanquished.

Grand Total: 713 creatures vanquished

Notes
Turn   | Place    | Note
-------+----------+-------------------------------------------
     0 | D:1      | Destinykillz the Troll Fighter began the quest for the Orb.
     0 | D:1      | Reached XP level 1. HP: 22/22 MP: 0/0
   123 | D:1      | Reached XP level 2. HP: 29/29 MP: 1/1
   749 | D:2      | Reached XP level 3. HP: 36/36 MP: 2/2
   860 | D:2      | Found a hide-covered altar of Uskayaw.
  1369 | D:3      | Reached skill level 3 in Unarmed Combat
  1369 | D:3      | Reached XP level 4. HP: 27/44 MP: 3/3
  1456 | D:3      | Noticed Sigmund
  1464 | D:3      | Killed Sigmund
  1465 | D:3      | Reached skill level 1 in Shapeshifting
  1465 | D:3      | Reached XP level 5. HP: 35/53 MP: 4/4
  1470 | D:3      | Noticed Terence
  1480 | D:3      | Killed Terence
  1481 | D:3      | Reached XP level 6. HP: 43/61 MP: 5/5
  1525 | D:3      | Noticed Ijyb
  1536 | D:3      | Killed Ijyb
  1599 | D:3      | Reached skill level 4 in Unarmed Combat
  2289 | D:4      | Reached XP level 7. HP: 66/67 MP: 6/6
  2341 | D:4      | Found a glowing drain.
  2348 | Sewer    | Entered a sewer
  2613 | Sewer    | Reached skill level 5 in Shields
  2621 | Sewer    | Reached skill level 5 in Unarmed Combat
  3149 | D:5      | Entered Level 5 of the Dungeon
  3198 | D:5      | Reached XP level 8. HP: 70/78 MP: 7/7
  3246 | D:5      | Noticed Grinder
  3256 | D:5      | Paralysed by Grinder for 5 turns
  3262 | D:5      | Killed Grinder
  3438 | D:5      | Found a staircase to the Ecumenical Temple.
  3511 | Temple   | Entered the Ecumenical Temple
  3530 | Temple   | Became a worshipper of the Shining One
  3801 | D:5      | Reached skill level 6 in Unarmed Combat
  4203 | D:6      | Learned a level 2 spell: Blink
  4344 | D:6      | Reached XP level 9. HP: 85/85 MP: 8/8
  4729 | D:7      | Reached * piety under the Shining One
  4741 | D:7      | Reached skill level 1 in Translocations
  5159 | D:7      | Found a glowing silver altar of Zin.
  5159 | D:7      | Noticed an angel
  5323 | D:8      | Identified the +2 robe of Feor {Regen+ Int+6}
  5349 | D:7      | Reached skill level 7 in Unarmed Combat
  5566 | D:8      | Reached skill level 5 in Fighting
  5566 | D:8      | Reached skill level 5 in Dodging
  5643 | D:8      | Reached XP level 10. HP: 96/96 MP: 9/9
  5691 | D:8      | Found Zaimp's Antique Armour Shoppe.
  5694 | D:8      | Bought an embroidered cloak for 157 gold pieces
  5694 | D:8      | Bought a fine robe for 119 gold pieces
  5694 | D:8      | Identified the +1 robe "Ekuciad" {rN+ Will- Str+5 Archmagi}
                  | (You bought it in a shop on level 8 of the Dungeon)
  5694 | D:8      | Bought a runed scarf for 168 gold pieces
  6160 | D:9      | Reached skill level 8 in Unarmed Combat
  6239 | D:9      | Reached ** piety under the Shining One
  6314 | D:9      | Reached skill level 5 in Shapeshifting
  7138 | D:10     | Entered Level 10 of the Dungeon
  7223 | D:10     | Noticed a vault guard
  7240 | D:10     | HP: 2/97 [vault guard/+0 long sword (23)]
  7241 | D:10     | Killed a vault guard
  7297 | D:10     | Found a portal to a secret trove of treasure.
  7352 | D:10     | Found Teoppiuh's General Store.
  7358 | D:10     | Reached XP level 11. HP: 102/105 MP: 10/10
  7363 | D:10     | Bought a potion of curing for 33 gold pieces
  7559 | D:10     | Gained mutation: You passively map a small area around you.
                  | [potion of mutation]
  7559 | D:10     | Gained mutation: Your flesh is heat resistant. (rF+)
                  | [potion of mutation]
  7559 | D:10     | Gained mutation: You heal very quickly. [potion of
                  | mutation]
  7589 | D:10     | Found a broken altar of Ashenzari.
  7643 | D:10     | Noticed a two-headed ogre
  7652 | D:10     | Killed a two-headed ogre
  7979 | D:11     | Noticed Snorg
  7989 | D:11     | Reached skill level 9 in Unarmed Combat
  8014 | D:11     | Killed Snorg
  8015 | D:11     | Reached skill level 1 in Invocations
  8147 | D:11     | Found a staircase to the Lair.
  8147 | D:11     | Noticed a tengu warrior
  8218 | D:11     | Killed a tengu warrior
  8220 | D:11     | Noticed a deep elf pyromancer
  8228 | D:11     | Killed a deep elf pyromancer
  8373 | D:11     | Reached skill level 5 in Translocations
  8379 | D:11     | Noticed Nergalle
  8393 | D:11     | Killed Nergalle
  8532 | D:11     | Noticed Maurice
  8542 | D:11     | Killed Maurice
  8791 | D:11     | Reached *** piety under the Shining One
  8940 | D:12     | Found a hide-covered altar of Uskayaw.
  8942 | D:12     | Noticed a brown ugly thing
  8961 | D:12     | Killed a brown ugly thing
  9008 | Lair:1   | Entered Level 1 of the Lair of Beasts
  9069 | Lair:1   | Reached XP level 12. HP: 76/114 MP: 12/12
  9194 | Lair:1   | Reached skill level 10 in Unarmed Combat
  9354 | Lair:1   | Got the Compendium of Destructive Accompaniment
  9885 | Lair:2   | Found a dark tunnel.
  9893 | Volcano  | Entered a volcano
 10044 | Volcano  | Reached skill level 10 in Shields
 10138 | Volcano  | Found a radiant altar of Vehumet.
 10294 | Volcano  | Reached skill level 11 in Unarmed Combat
 10640 | Lair:2   | Reached XP level 13. HP: 117/124 MP: 15/15
 10656 | Lair:2   | Found a staircase to the Snake Pit.
 10803 | Lair:2   | Found a staircase to the Shoals.
 11459 | Lair:3   | Reached skill level 5 in Invocations
 11911 | Lair:3   | Reached skill level 12 in Unarmed Combat
 12398 | Lair:4   | Found a transporter.
 12399 | Lair:4   | Found a transporter.
 12478 | Lair:4   | Noticed Nessos
 12493 | Lair:4   | Killed Nessos
 12578 | Lair:4   | You fall into a shaft and drop 1 floor!
 12578 | Lair:5   | Entered Level 5 of the Lair of Beasts
 12744 | Lair:5   | Reached skill level 13 in Unarmed Combat
 12935 | Lair:5   | Reached XP level 14. HP: 101/137 MP: 17/17
 13006 | Lair:5   | Paralysed by a hornet for 3 turns
 13096 | Lair:5   | Paralysed by a hornet for 3 turns
 14335 | Lair:5   | Found a viscous altar of Jiyva.
 14336 | Lair:5   | Found a staircase to the Slime Pits.
 14491 | Lair:5   | Reached **** piety under the Shining One
 15039 | Lair:5   | Paralysed by a hornet for 1 turns
 15237 | Lair:5   | Identified 2 scrolls of acquirement
 15237 | Lair:5   | Acquired a +2 hand cannon of flaming
 15243 | Lair:5   | Acquired the Hermit's Pendant {Faith Invo=14 Evo=0 MP+5}
 15243 | Lair:5   | Found the Hermit's Pendant {Faith Invo=14 Evo=0 MP+5}
 15578 | D:12     | Found a staircase to the Orcish Mines.
 15856 | D:12     | Reached skill level 1 in Ranged Weapons
 16208 | D:13     | Noticed Sonja
 16242 | D:13     | Killed Sonja
 16338 | D:13     | You fall into a shaft and drop 2 floors!
 16338 | D:15     | Entered Level 15 of the Dungeon
 16578 | D:15     | Reached ***** piety under the Shining One
 16697 | D:15     | Noticed Louise
 16785 | D:15     | HP: 4/140 [Louise/bolt of lightning (36)]
 16807 | D:15     | HP: 1/140 [Louise/bolt of lightning (38)]
 16810 | D:15     | Killed Louise
 17055 | D:15     | Found a staircase to the Depths.
 17323 | D:13     | Found Xyghav's Pet Rocks.
 17359 | D:13     | Reached XP level 15. HP: 88/146 MP: 24/24
 17365 | D:13     | Bought 4 large rocks for 84 gold pieces
 17365 | D:13     | Bought 4 large rocks for 84 gold pieces
 17751 | D:13     | Found a gate to the Vaults.
 18146 | D:14     | Reached skill level 14 in Unarmed Combat
 18279 | D:14     | Found a runed translucent door.
 18280 | D:14     | Found a shimmering altar of Xom.
 18280 | D:14     | Noticed hawla's ghost (journeyman MiFi)
 18399 | D:14     | HP: 7/148 [six-headed hydra (5)]
 19633 | Orc:1    | Entered Level 1 of the Orcish Mines
 19644 | Orc:1    | Found Oplagofy's Overcharged Wands.
 19670 | Orc:1    | Bought a wand of digging (11) for 693 gold pieces
 20168 | Orc:2    | Entered Level 2 of the Orcish Mines
 20274 | Orc:1    | HP: 5/149 [orc warlord/+4 great mace of holy wrath (14)]
 20282 | Orc:1    | Mangled by an orc warlord

Illustrated notes

Levels and vault maps discovered:
D:1:      saegor_arrival_simple_e, layout_basic, minmay_heptomino_l4
D:2:      layout_rooms, basic_altar, st_stairs_13
D:3:      layout_loops_ring, chequers_big_river, kennysheep_generic_room_3,
          uniq_ijyb, uniq_sigmund, uniq_terence
D:4:      layout_basic, portal_sewer_entry_e
D:5:      layout_loops_cross, minmay_temple_entry_hall, minivault_19,
          chequers_serial_rivers_micro_e, uniq_grinder
D:6:      layout_basic
D:7:      layout_loops_cross, zin_angel
D:8:      layout_cave_pools, serial_shops, nicolae_shop_real_fake_doors
D:9:      layout_stronghold
D:10:     layout_grid_maze, lemuel_tele_altar, enter_trove_5,
          kennysheep_small_circle
D:11:     layout_long_grid, due_lair_maze_entry_diamond,
          hangedman_tell_no_tales, uniq_snorg, uniq_maurice, uniq_nergalle
D:12:     layout_loops_cross, minmay_orc_entry_temple_small,
          nicolae_uskayaw_dance_hall
D:13:     layout_basic, hellmonk_vaults_attempted_burglary, guppyfry_shop_earth,
          uniq_sonja
D:14:     layout_basic, ebering_ghost_xom,
          nicolae_concentric_dashed_squares_wild
D:15:     gammafunk_depths_entry_grave, layout_loops_cross,
          minmay_misc_feat_diagonals, uniq_louise
Temple:   nicolae_temple_slightly_damp_pantheon
Lair:1:   beast_lair_carwin_large_2, layout_misc_corridors, serial_forest,
          infiniplex_forest_clump_small, infiniplex_forest_straight_3,
          infiniplex_forest_clump_large, infiniplex_forest_clump_diagonal,
          infiniplex_forest_clump_double, infiniplex_forest_lined_corner,
          infiniplex_forest_clump_tiny, nicolae_quartered_pool_little
Lair:2:   layout_gridlike, mainiacjoe_shoals_entry_four_pools,
          alex1729_snake_entry_snake, nicolae_volcano_entry_hallway,
          infiniplex_staircase_pool_2
Lair:3:   layout_regular_city, serial_bayou_shore_a
Lair:4:   gammafunk_boulding_lane, layout_misc_corridors, uniq_nessos
Lair:5:   hangedman_lair_tendril_chambers, layout_cave_pods, wormcave,
          minmay_slime_entry_pillars, chequers_serial_rivers_room_b,
          chequers_serial_rivers_small_a
Orc:1:    layout_caves, basic_altar, nicolae_shop_overcharged_wands
Orc:2:    grunt_orc_cross, layout_caves

Skill      XL: |  1  2  3  4  5  6  7  8  9 10 11 12 13 14 15 |
---------------+----------------------------------------------+-----
Shields        | 3 4 5 6 7 8 9 10 | 10.8
Unarmed Combat | 3 4 5 6 7 8 9 11 13 14 | 14.2
Fighting       | 3 4 5 6 7 8 9 |  9.7
Dodging        | 3 4 5 6 7 8 9 |  9.6
Shapeshifting  | 1 2 3 4 5 6 7 8 |  8.0
Translocations | 2 4 5 6 |  6.0
Invocations    | 2 4 6 7 |  7.6
Ranged Weapons | 3 4 |  4.7

Action                     |  1- 3 |  4- 6 |  7- 9 | 10-12 | 13-15 || total
---------------------------+-------+-------+-------+-------+-------++-------
  Melee: Unarmed           |   137 |    88 |   385 |   642 |  1144 ||  2396
         Trident           |       |       |       |       |    23 ||    23
   Fire: Hand cannon       |       |       |       |       |    33 ||    33
  Throw: Dart              |       |     5 |       |       |       ||     5
   Cast: Blink             |       |       |       |     1 |     1 ||     2
 Invoke: Divine Shield     |       |       |       |    14 |    21 ||    35
         Cleansing Flame   |       |       |       |       |     1 ||     1
  Evoke: Wand              |       |       |       |     3 |    15 ||    18
         Box of beasts     |       |       |       |     2 |       ||     2
    Use: Scroll            |       |     3 |     2 |    14 |    19 ||    38
         Potion            |       |       |       |     4 |    12 ||    16
   Stab: Sleeping          |       |       |     1 |       |       ||     1
 Armour: Robe              |    67 |    46 |   188 |   367 |   685 ||  1353
  Dodge: Dodged            |    44 |    27 |   199 |   323 |   659 ||  1252
  Block: Kite shield       |    62 |    18 |   201 |   456 |   925 ||  1662
   Form: Beast             |     1 |       |       |       |       ||     1
                           |       |       |       |       |     1 ||     1
         Blade             |       |       |       |       |     1 ||     1
